 Dungeon Crawl Stone Soup version 0.29.1-15-g9cfb28693d (webtiles) character file.

Game seed: 9451210145587710000

57 Dagodon the Shooter (level 4, 0/22 (25) HPs)
             Began as a Kobold Arcane Marksman on Apr 25, 2023.
             Was a Plaything of Xom.
             Slain by an orc
             ... wielding a +0 club
              (2 damage)
             ... on level 3 of the Dungeon.
             The game lasted 00:26:38 (3228 turns).

Dagodon the Shooter (Kobold Arcane Marksman)        Turns: 3228, Time: 00:26:39

HP:   0/22 (25)     AC:  3    Str:  7    XL:     4   Next: 18%
MP:   5/5           EV: 15    Int: 14    God:    Xom [....*.]
Gold: 117           SH:  0    Dex: 17    Spells: 1/5 levels left

rFire   . . .      SeeInvis .   a - +1 sling
rCold   . . .      Faith    .   (no shield)
rNeg    . . .      Spirit   .   c - +0 robe
rPois   +          Reflect  .   (no helmet)
rElec   .          Harm     .   (no cloak)
rCorr   .          Rampage  .   l - +0 pair of gloves
Will    .....      Rage     3%  (no boots)
Stlth   +++.......              (no amulet)
HPRegen 0.07/turn               p - ring of poison resistance
MPRegen 0.09/turn               (no ring)

@: heavily drained
A: small, no large weapons, nightstalker 3, talons 1, berserk 1
a: Renounce Religion


You were on level 3 of the Dungeon.
You worshipped Xom.
You were a beloved toy of Xom.
You visited 1 branch of the dungeon, and saw 3 of its levels.

You collected 117 gold pieces.

Inventory:

Hand Weapons
 a - a +1 sling (weapon)
Missiles
 m - 13 stones
Armour
 c - a +0 robe (worn)
 l - a +0 pair of gloves (worn)
Magical Staves
 e - a staff of air
Jewellery
 p - a ring of poison resistance (left hand)
Scrolls
 b - 2 scrolls of poison
 g - 2 scrolls of blinking
 h - a scroll of immolation {unknown}
 i - a scroll of identify {unknown}
 n - a scroll of teleportation
 o - a scroll of silence {unknown}
Potions
 f - a potion of brilliance {unknown}
 j - a potion of magic
 k - 2 potions of mutation


   Skills:
 + Level 1.2 Fighting
 + Level 4.5 Ranged Weapons
 + Level 0.2 Throwing
 + Level 2.7 Dodging
 + Level 0.6 Stealth
 + Level 1.2 Spellcasting
 + Level 3.3 Hexes


You had one spell level left.
You knew the following spells:

 Your Spells              Type           Power      Damage    Failure   Level
a - Slow                  Hex            40%        N/A       6%          1
b - Portal Projectile     Hex/Tloc       10%        N/A       36%         3

Your spell library contained the following spells:

 Spells                   Type           Power      Damage    Failure   Level
 Inner Flame              Hex/Fire       5%         N/A       36%         3
 Cause Fear               Hex            5%         N/A       54%         4


Dungeon Overview and Level Annotations

Branches:
Dungeon (3/15)

Altars:
Xom

Shops:
D:1 (


Innate Abilities, Weirdness & Mutations

You are small and have problems with some larger weapons.
You are completely attuned to the shadows.
You have sharp toenails.
You sometimes lose your temper in combat.


Message History

You kill the goblin! "Hum-dee-hum-dee-hum..."
The orc evaporates and reforms as a hobgoblin!
The orc misses you.
The hobgoblin picks up a +1 dagger of draining.
The hobgoblin wields a +1 dagger of draining.
You sense an unholy aura.
The hobgoblin hits you but does no damage.
You feel drained.
Fire: a) +1 sling
Press: ? - help, Q - select action, (/) - cycle Shift-Dir - straight line, f - hobgoblin
Aim: a hobgoblin, wielding a +1 dagger of draining (moderately wounded, 60% to hit)
You shoot a sling bullet.
The sling bullet barely misses the hobgoblin.
The orc closely misses you. x2
Fire: a) +1 sling
Press: ? - help, Q - select action, (/) - cycle Shift-Dir - straight line, f/p - hobgoblin
Aim: a hobgoblin, wielding a +1 dagger of draining (moderately wounded, 60% to hit)
You shoot a sling bullet. The sling bullet hits the hobgoblin.
You kill the hobgoblin!
The orc returns to its original shape as it dies.
The orc closely misses you. The orc hits you with a +0 mace.
A shower of butterflies erupts from you!
Fire: a) +1 sling
Press: ? - help, Q - select action, (/) - cycle Shift-Dir - straight line, f - orc
Aim: an orc, wielding a +0 club, wearing a +0 ring mail and quivering silver boomerangs (64% to hit)
You shoot a sling bullet. The sling bullet hits the orc.
The orc is moderately wounded.
The orc closely misses you. The orc hits you with a +0 club.
The orc barely misses you.
Fire: a) +1 sling
Press: ? - help, Q - select action, (/) - cycle Shift-Dir - straight line, f/p - orc
Aim: an orc, wielding a +0 club, wearing a +0 ring mail and quivering silver boomerangs (moderately wounded, 64% to hit)
You shoot a sling bullet.
The sling bullet completely misses the orc.
The orc barely misses you. The orc hits you with a +0 club.
* * * LOW HITPOINT WARNING * * *
The orc hits you with a +0 club.
You die... "Huh?
Did I miss anything?"

.... ..b.
....
...o######
...o@....#
...o####.#
..bb #.#
.... #.#
.... #.#
#.# #.#
#.# #.#


You could see 3 orcs.

Vanquished Creatures
  An adder (D:2)
  A dart slug (D:2)
  An orc (D:3)
  3 ball pythons
  5 bats
  5 endoplasms
  6 goblins
  3 hobgoblins
  6 jackals
  6 frilled lizards
  3 kobolds
  3 rats
43 creatures vanquished.

Notes
Turn   | Place    | Note
-------+----------+-------------------------------------------
     0 | D:1      | Dagodon the Kobold Arcane Marksman began the quest for the
                  | Orb.
     0 | D:1      | Reached XP level 1. HP: 12/12 MP: 2/2
    74 | D:1      | Reached skill level 3 in Ranged Weapons
   416 | D:1      | Reached XP level 2. HP: 16/16 MP: 3/3
  1033 | D:1      | Found Puoh's Weapon Boutique.
  1215 | D:1      | Reached XP level 3. HP: 20/20 MP: 4/4
  1219 | D:1      | Learned a level 3 spell: Portal Projectile
  1625 | D:2      | Gained mutation: You sometimes lose your temper in combat.
                  | [potion of mutation]
  1625 | D:2      | Gained mutation: You have sharp toenails. [potion of
                  | mutation]
  1806 | D:1      | Prayed at the altar of an unknown god.
  1806 | D:1      | Became a worshipper of Xom of Chaos
  1895 | D:2      | Reached skill level 4 in Ranged Weapons
  2016 | D:2      | XOM: noise
  2146 | D:2      | XOM: silly message
  2169 | D:2      | XOM: silly message
  2365 | D:2      | XOM: silly message
  2787 | D:2      | Reached XP level 4. HP: 25/25 MP: 5/5
  3224 | D:3      | XOM: polymorph orc -> hobgoblin
  3226 | D:3      | XOM: butterfly on damage
  3228 | D:3      | Slain by an orc

Illustrated notes

Levels and vault maps discovered:
D:1:      spicycebolla_arrival_ecumenical, layout_loops_ring, serial_shops, shop
D:2:      layout_loops_corners, kennysheep_generic_room_10
D:3:      layout_basic, grunt_ministairs_9

Skill      XL: |  1  2  3 |
---------------+----------+-----
Ranged Weapons | 3 4 |  4.5
Fighting       | |  1.2
Throwing       | |  0.2
Dodging        | |  2.7
Stealth        | |  0.6
Spellcasting   | |  1.2
Hexes          | |  3.3

Action                   |  1- 3 |  4- 6 || total
-------------------------+-------+-------++-------
 Fire: Sling             |    96 |    25 ||   121
Throw: Dart              |     3 |     4 ||     7
       Stone             |     3 |       ||     3
 Cast: Slow              |     5 |     1 ||     6
  Use: Scroll            |     3 |       ||     3
       Potion            |     2 |       ||     2
Armor: Robe              |    23 |     4 ||    27
Dodge: Dodged            |    78 |    30 ||   108
